 Dungeon Crawl Stone Soup version 0.30-a0-269-gf0224bf7b6 (webtiles) character file.

Game seed: 17051972286338855759

451 purpskrrrp the Firebug (level 7, 0/36 HPs)
             Began as a Gargoyle Fire Elementalist on Oct 14, 2022.
             Was an Initiate of Nemelex Xobeh.
             Slain by Duvessa
             ... wielding a +0 short sword of freezing
              (2 damage)
             ... on level 4 of the Dungeon.
             The game lasted 00:13:10 (5054 turns).

purpskrrrp the Firebug (Gargoyle Fire Elementalist) Turns: 5054, Time: 00:13:11

Health: 0/36       AC:  7    Str: 12    XL:     7   Next: 4%
Magic:  10/12      EV: 12    Int: 17    God:    Nemelex Xobeh [......]
Gold:   185        SH:  5    Dex: 10    Spells: 11/12 levels left

rFire   . . .      SeeInvis .    o - +0 flail
rCold   . . .      Faith    .    (no shield)
rNeg    + . .      Spirit   .    a - +0 robe
rPois   ∞          Reflect  +    k - +0 helmet
rElec   +          Harm     .    f - scarf {repulsion}
rCorr   .          Rampage  .    (no gloves)
Will    .....                    (no boots)
Stlth   ++........               g - amulet of reflection
HPRegen 0.26/turn                c - ring of wizardry
MPRegen 0.13/turn                (no ring)

@: repel missiles
A: sickness immunity, AC +4, negative energy resistance 1, electricity
resistance, torment resistance 1, petrification resistance
a: Renounce Religion, Draw Escape, Draw Destruction, Draw Summoning


You were on level 4 of the Dungeon.
You worshipped Nemelex Xobeh.
Nemelex Xobeh was noncommittal.
You visited 1 branch of the dungeon, and saw 4 of its levels.

You collected 185 gold pieces.

Inventory:

Hand Weapons
 m - a +0 short sword
 o - a +0 flail (weapon)
Armour
 a - a +0 robe (worn)
 f - a scarf of repulsion (worn)
 k - a +0 helmet (worn)
Jewellery
 c - a ring of wizardry (left hand)
 g - an amulet of reflection (around neck)
Wands
 r - a wand of flame (29)
Scrolls
 d - a scroll of identify
 p - a scroll of butterflies
 s - a scroll of fear {unknown}
Potions
 b - 2 potions of magic
 e - a potion of brilliance
 h - a potion of cancellation {unknown}
 i - a potion of invisibility
 j - 2 potions of attraction
 l - 2 potions of mutation {unknown}
 n - 3 potions of ambrosia {unknown}
 q - a potion of lignification {unknown}


   Skills:
 + Level 3.0 Dodging
 - Level 2.1 Stealth
 + Level 3.4 Spellcasting
 + Level 3.4 Conjurations
 * Level 5.4 Fire Magic


You had 11 spell levels left.
You knew the following spells:

 Your Spells              Type           Power      Damage    Failure   Level
a - Foxfire               Conj/Fire      68%        2x1d7     1%          1

Your spell library contained the following spells:

 Spells                   Type           Power      Damage    Failure   Level
 Scorch                   Fire           42%        2d7       1%          2
 Sandblast                Erth           4%         2d4       7%          1
 Inner Flame              Hex/Fire       12%        N/A       7%          3
 Kindle Blastsparks       Fire/Tloc/Air  18%        2d11      10%         3
 Passwall                 Tmut/Erth      1%         N/A       11%         2
 Stone Arrow              Conj/Erth      16%        3d8       11%         3
 Flame Wave               Conj/Fire      17%        2d7       11%         4
 Ozocubu's Armour         Ice            2%         N/A       21%         3
 Metabolic Englaciation   Hex/Ice        1%         N/A       86%         5
 Simulacrum               Ice/Necr       1%         N/A       100%        6


Dungeon Overview and Level Annotations

Branches:
Dungeon (4/15)
 Temple: D:4-7

Altars:
Ashenzari
Dithmenos
Elyvilon
Nemelex Xobeh
Okawaru
Trog

Shops:
D:3 =

Annotations:
D:4 Dowan, Duvessa


Innate Abilities, Weirdness & Mutations

You are immune to sickness and miasma.
Your stone body is resilient. (AC +4)
You are immune to poison.
You resist negative energy. (rN+)
You are resistant to electric shocks. (rElec)
You are resistant to unholy torment.
You are immune to petrification.


Message History

You hit Duvessa but do no damage.
Duvessa is moderately wounded.
Dowan hits you with a +0 dagger. You block Duvessa's attack.
You block Dowan's attack. Duvessa hits you but does no damage.
You barely miss Duvessa.
Duvessa is moderately wounded.
Dowan hits you but does no damage.
Duvessa hits you with a +0 short sword of freezing.
Duvessa freezes you.
You barely miss Duvessa.
Duvessa is moderately wounded.
Dowan hits you with a +0 dagger.
Duvessa says, "When magic and the sword combine, nothing stands against them."
You block Duvessa's attack.
You are too injured to fight recklessly!
You are too injured to fight recklessly!
You are too injured to fight recklessly!
You are too injured to fight recklessly!
You barely miss Dowan. Dowan hits you with a +0 dagger.
You hit Duvessa.
Duvessa is moderately wounded.
Dowan points at Duvessa and mumbles some strange words.
Duvessa seems to speed up.
Duvessa hits you but does no damage.
You barely miss Duvessa.
Duvessa is moderately wounded.
Duvessa hits you with a +0 short sword of freezing!
* * * LOW HITPOINT WARNING * * *
Duvessa freezes you.
* * * LOW HITPOINT WARNING * * *
Dowan mumbles some strange words.
Dowan blinks!
Duvessa hits you with a +0 short sword of freezing.
* * * LOW HITPOINT WARNING * * *
Duvessa freezes you.
* * * LOW HITPOINT WARNING * * *
As you read the scroll of butterflies, it crumbles to dust.
You hear the tinkle of a tiny bell.
Duvessa hits you with a +0 short sword of freezing.
You die...
Your body disappears without a glow.

#......# #....#
#.# #. #.####.#
#.###### #.# #.
#.# #.#
#......######.#
#. #.# #.#
#.####........#
#. #.# #.# #.#
#####.#.## #(
#.# #.#######.#
#.#.# #. #.#
#.....bbb.#
#.#.# #.#
#####.##b#####
#.#.# #.#
##...#b@ebb#
#...# #.#
#.bb.b###eb.#
#..## #.#
##b.b## .b.b#
#.. #.# ##b##
.....##..# #.#
#.# .......#
#.# #)#
......... #.###
#.# ..o.....=#
#...#
#.#[........##
###...###
#........


You could see Duvessa (fast, ally target) and Dowan (ally target).

Vanquished Creatures
  Grinder (D:3)
  A scorpion (D:3)
  Jessica (D:2)
  An orc wizard (D:4)
  Robin (D:3)
  3 adders
  2 worms
  3 dart slugs
  4 orcs
  8 endoplasms
  6 giant cockroaches
  13 goblins
  7 hobgoblins
  5 quokkas
  7 ball pythons
  9 bats
  3 frilled lizards
  7 kobolds
  5 rats
87 creatures vanquished.

Vanquished Creatures (others)
  246 foxfires
246 creatures vanquished.

Grand Total: 333 creatures vanquished

Notes
Turn   | Place    | Note
-------+----------+-------------------------------------------
     0 | D:1      | purpskrrrp the Gargoyle Fire Elementalist began the quest
                  | for the Orb.
     0 | D:1      | Reached XP level 1. HP: 10/10 MP: 3/3
   367 | D:1      | Reached XP level 2. HP: 14/15 MP: 1/5
   647 | D:1      | Reached XP level 3. HP: 19/19 MP: 0/6
  1511 | D:2      | Found a broken altar of Ashenzari.
  2065 | D:2      | Reached XP level 4. HP: 14/24 MP: 7/7
  2261 | D:2      | Noticed Jessica
  2265 | D:2      | Killed Jessica
  2266 | D:2      | Reached skill level 4 in Fire Magic
  2377 | D:2      | Noticed Robin
  2571 | D:3      | Killed Robin
  2618 | D:2      | Reached XP level 5. HP: 28/28 MP: 9/9
  3832 | D:3      | Found Wadogud's Jewellery Boutique.
  3832 | D:3      | Noticed Grinder
  3844 | D:3      | Paralysed by Grinder for 4 turns
  3849 | D:3      | Killed Grinder
  3850 | D:3      | Reached skill level 5 in Fire Magic
  3850 | D:3      | Reached XP level 6. HP: 12/32 MP: 1/10
  4487 | D:3      | Found a sparkling altar of Nemelex Xobeh.
  4487 | D:3      | Found a shadowy altar of Dithmenos.
  4511 | D:3      | Found an iron altar of Okawaru.
  4513 | D:3      | Found a bloodstained altar of Trog.
  4516 | D:3      | Found a white marble altar of Elyvilon.
  4551 | D:3      | Became a worshipper of Nemelex Xobeh the Trickster
  4971 | D:4      | Reached XP level 7. HP: 19/36 MP: 12/12
  5038 | D:4      | Noticed Duvessa
  5039 | D:4      | Noticed Dowan
  5054 | D:4      | Slain by Duvessa

Illustrated notes

Levels and vault maps discovered:
D:1:      dpeg_arrival_pits, layout_basic, minmay_misc_feat_more_columns,
          minmay_pentomino_u4
D:2:      mumra_celtic_spiral_tile, layout_basic, basic_altar,
          kennysheep_generic_room_8, uniq_robin, uniq_jessica
D:3:      layout_basic, minitemple, serial_aquarium, aquarium_bridge_straight
          [aquarium_subvault_bridge, aquarium_subvault_window,
          aquarium_subvault_bridge, aquarium_subvault_wall],
          aquarium_window_corner, aquarium_window_1, aquarium_view_2d,
          serial_shops, nicolae_lakefront_shop, chequers_jeans,
          kennysheep_big_empty_room, kennysheep_generic_room_4, uniq_grinder
D:4:      layout_loops_ring, mainiacjoe_overflow_alcove_2,
          nicolae_ru_great_annihilating_truth, minmay_temple_entry_waves,
          uniq_duvessa

Skill      XL: |  1  2  3  4  5  6 |
---------------+-------------------+-----
Dodging        | 2 3 |  3.0
Conjurations   | 2 3 |  3.4
Fire Magic     | 4 5 |  5.4
Spellcasting   | 3 |  3.4
Stealth        | |  2.1

Action                   |  1- 3 |  4- 6 |  7- 9 || total
-------------------------+-------+-------+-------++-------
Melee: Unarmed           |    98 |    53 |       ||   151
       Punch             |     1 |       |       ||     1
       Short sword       |       |    39 |       ||    39
       Flail             |       |    30 |    10 ||    40
 Cast: Foxfire           |    64 |    98 |     4 ||   166
  Use: Scroll            |     3 |     5 |     1 ||     9
       Potion            |       |     1 |       ||     1
Armor: Robe              |    38 |    52 |     3 ||    93
Dodge: Dodged            |    57 |    51 |     1 ||   109
       Repelled          |       |     1 |       ||     1
Block: Other             |    11 |    32 |     3 ||    46

Table legend: (Time is in decaauts)
 A = Elapsed time spent in this place.
 B = Non-inter-level travel time spent in this place.
 C = Inter-level travel time spent in this place.
 D = Time resting spent in this place.
 E = Time spent auto-exploring this place.
 F = Levels seen in this place.
 G = Mean time per level.
                   A        B        C        D        E       F      G
               +--------+--------+--------+--------+--------+-----+--------+
         Total |   5071 |   4895 |    176 |    609 |   3264 |   4 | 1267.8 |
       Dungeon |   5071 |   4895 |    176 |    609 |   3264 |   4 | 1267.8 |
               +--------+--------+--------+--------+--------+-----+--------+

Top non-repeatable levels by time:
     D:2: 1673 daAuts
     D:1: 1512 daAuts
     D:3: 1457 daAuts
     D:4: 427 daAuts
